 Dungeon Crawl Stone Soup version 0.20.1-1-g8b1a95d (webtiles) character file.

4015 manon the Basher (level 10, -1/56 HPs)
             Began as a Gargoyle Fighter on Aug 21, 2017.
             Was a Believer of Ashenzari.
             Slain by a yak (11 damage)
             ... on level 1 of the Lair of Beasts.
             The game lasted 00:44:07 (6565 turns).

manon the Basher (Gargoyle Fighter)                 Turns: 6565, Time: 00:44:08

Health: -1/56      AC: 16    Str: 21    XL:     10   Next: 23%
Magic:  5/10       EV:  8    Int: 11    God:    Ashenzari [**....]
Gold:   557        SH: 11    Dex:  9    Spells: 6/9 levels left

rFire    . . .     SeeInvis .   a - +1 flail (venom)
rCold    + . .     Gourm    +   c - +0 shield
rNeg     + . .     Faith    .   r - +0 scale mail
rPois    ∞         Spirit   .   o - +0 helmet
rElec    +         Reflect  .   (no cloak)
rCorr    .         Harm     .   B - +0 pair of gloves
MR       .....                  (no boots)
Stlth    ..........             O - amulet of the gourmand (curse)
Regen    0.2/turn               A - ring of wizardry (curse)
MPRegen  0.2/turn               u - ring of protection from cold

@: singing (expiring), very slightly contaminated
A: negative energy resistance 1, electricity resistance, unbreathing,
petrification resistance, rot immunity, AC +7
a: Curse Item, Scrying, Renounce Religion


You were on level 1 of the Lair of Beasts.
You worshipped Ashenzari.
Ashenzari was pleased with you.
You were completely stuffed.

You visited 3 branches of the dungeon, and saw 10 of its levels.

You collected 557 gold pieces.

Inventory:

Hand Weapons
 a - a +1 flail of venom (weapon)
 b - a +0 hunting sling
 q - a +0 longbow
Missiles
 d - a throwing net
 E - 3 steel tomahawks (quivered)
 L - 88 bolts
 V - 41 sling bullets
Armour
 c - a +0 shield (worn)
 o - a +0 helmet (worn)
 r - a +0 scale mail (worn)
 B - a +0 pair of gloves (worn)
Jewellery
 t - an uncursed ring of wizardry
 u - a ring of protection from cold (right hand)
 y - an uncursed ring of flight
 A - a cursed ring of wizardry (left hand)
 O - a cursed amulet of the gourmand (around neck)
Wands
 S - a wand of disintegration (9/24)
 Y - a wand of paralysis (17/24)
 Z - a wand of confusion (0/48)
Scrolls
 g - a scroll of identify
 i - 4 scrolls of magic mapping
 k - a scroll of noise {unknown}
 l - 2 scrolls of blinking
 m - 6 scrolls of teleportation
 n - 3 scrolls of recharging {unknown}
 w - 3 scrolls of fear {unknown}
 C - a scroll of enchant armour {unknown}
 I - 3 scrolls of enchant weapon {unknown}
 J - 3 scrolls of immolation {unknown}
 K - 2 scrolls of amnesia {unknown}
 N - 4 scrolls of fog {unknown}
Potions
 e - 2 potions of ambrosia {unknown}
 h - 2 potions of heal wounds {unknown}
 j - a potion of mutation {unknown}
 p - 4 potions of flight
 z - a potion of haste {unknown}
 D - 3 potions of curing
 F - a potion of degeneration {unknown}
 H - a potion of invisibility {unknown}
 M - a potion of lignification {unknown}
 P - a potion of brilliance {unknown}
 U - a potion of resistance {unknown}
 W - a potion of cancellation {unknown}
 X - a potion of agility {unknown}
Books
 R - a book of Battle

   Spells                             Type                      Level
   a - Infusion                       Charms                       1
   b - Shroud of Golubria             Charms/Translocation         2
   c - Song of Slaying                Charms                       2
   d - Spectral Weapon                Hexes/Charms                 3
   e - Regeneration                   Charms/Necromancy            3
Comestibles
 f - 8 bread rations
 v - 7 meat rations
 x - 3 royal jellies
 T - a fruit


   Skills:
 - Level 3.2 Fighting
 * Level 11.4 Maces & Flails
 - Level 3.2 Armour
 + Level 8.6 Shields
 + Level 4.5(6.0) Charms


You had 6 spell levels left.
You knew the following spells:

 Your Spells              Type           Power        Failure   Level  Hunger
a - Song of Slaying       Chrm           ##......     12%         2    ###....
i - Infusion              Chrm           ##..         8%          1    ##.....


Dungeon Overview and Level Annotations

Branches:
Dungeon (8/15)             Temple (1/1) D:5            Lair (1/6) D:8

Altars:
Ashenzari
Cheibriados
Dithmenos
Elyvilon
Fedhas
Gozag
Hepliaklqana
Kikubaaqudgha
Makhleb
Nemelex Xobeh
Okawaru
Qazlal
Ru
Sif Muna
Trog
Uskayaw
Vehumet
Xom
Yredelemnul
Zin
The Shining One

Shops:
D:8 *

Annotations:
D:4 Pikel, Sigmund


Innate Abilities, Weirdness & Mutations

You are resistant to torment.
Your stone body is resilient. (AC +7)
You are immune to poison.
You resist negative energy. (rN+)
You are resistant to electric shocks. (rElec)
You can survive without breathing.
You are immune to petrification.
You are immune to rotting.


Message History

The yak resists with some effort.
Evoking this partially-identified wand wasted a few charges.
Casting: Song of Slaying
Confirm with . or Enter, or press ? or * to list all spells.
Okay, then.
Evoke which item? (* to show all) (? for menu, Esc to quit)
Aiming: Confuse (will waste charges)
Press: ? - help, Shift-Dir - straight line, f/p - yak
Aim: a yak (heavily wounded, poisoned, confused, chance to defeat MR: 46%)
The yak resists with some effort.
Evoking this partially-identified wand wasted a few charges.
Your song is almost over.
You hit the yak.
The yak is poisoned.
The yak is lightly wounded.
The yak gores you.
* * * LOW HITPOINT WARNING * * *
Your scale mail prevents you from hitting the yak.
The yak is moderately wounded.
The yak looks more healthy.
The yak gores you!
You die...

, , ###.... , , , 8
###.....#* . ,
,,........#### .. 8
.........#.####... * ..
*,.................., ,
...# #............... ,
,
.....####....<†........
#......####..#..#...
........@Y....†### ,, *
..#......Y.#.Y##**, , ,
.....#.#...#...#.#. , *
, ,
.......##.#(........, ,
........t...........,
.............(.......
...................#. *
, [..........#?.......
, .........#........


You could see 3 yaks.

Vanquished Creatures
  A two-headed ogre (D:4)
  Joseph (D:7)
  Grinder (D:3)
  A hippogriff (D:7)
  2 sky beasts
  An orc warrior (D:7)
  2 ice beasts (D:8)
  2 phantoms
  A centaur (D:7)
  4 ogres
  2 crocodiles (Lair:1)
  Blork the orc (D:5)
  2 big kobolds
  4 bullfrogs
  A scorpion (D:3)
  6 killer bees (D:7)
  A howler monkey (D:6)
  A crimson imp (D:5)
  2 jellies
  5 hounds
  2 orc priests
  A centaur skeleton (D:6)
  2 orc wizards
  2 iguanas
  5 worker ants
  A hound skeleton (D:6)
  8 gnolls
  9 adders
  An adder zombie (D:6)
  A dart slug (D:2)
  4 leopard geckos
  13 orcs
  7 bats
  3 giant cockroaches
  10 goblins
  14 hobgoblins
  3 jackals (D:3)
  7 quokkas
  3 ball pythons
  2 frilled lizards
  14 kobolds
  A leopard gecko zombie (D:7)
  8 rats
162 creatures vanquished.

Notes
Turn   | Place    | Note
-------+----------+-------------------------------------------
     0 | D:1      | manon the Gargoyle Fighter began the quest for the Orb.
     0 | D:1      | Reached XP level 1. HP: 14/14 MP: 1/1
   437 | D:1      | Reached XP level 2. HP: 19/19 MP: 2/2
   659 | D:2      | Reached skill level 3 in Maces & Flails
   668 | D:2      | Reached XP level 3. HP: 16/23 MP: 3/3
   895 | D:2      | Reached skill level 4 in Maces & Flails
  1239 | D:2      | Reached XP level 4. HP: 24/28 MP: 4/4
  1369 | D:3      | Reached skill level 5 in Maces & Flails
  1369 | D:3      | Reached XP level 5. HP: 32/32 MP: 5/5
  2040 | D:3      | Noticed Grinder
  2044 | D:3      | Killed Grinder
  2044 | D:3      | Reached skill level 6 in Maces & Flails
  2044 | D:3      | Reached XP level 6. HP: 35/37 MP: 6/6
  2209 | D:4      | Noticed a slave
  2209 | D:4      | Noticed Sigmund
  2211 | D:4      | Noticed Pikel
  2211 | D:4      | Noticed a slave
  2249 | D:4      | Noticed a slave
  2249 | D:4      | Noticed a slave
  2262 | D:4      | Noticed a two-headed ogre
  2281 | D:4      | Killed a two-headed ogre
  2281 | D:4      | Reached skill level 7 in Maces & Flails
  2281 | D:4      | Reached skill level 5 in Shields
  2281 | D:4      | Reached XP level 7. HP: 15/41 MP: 7/7
  2281 | D:4      | Reached XP level 8. HP: 16/46 MP: 8/8
  2503 | D:4      | Reached skill level 8 in Maces & Flails
  2833 | D:5      | Entered Level 5 of the Dungeon
  3037 | D:5      | Learned a level 2 spell: Song of Slaying
  3505 | D:5      | Noticed Blork the orc
  3509 | D:5      | Killed Blork the orc
  3511 | D:5      | Found a staircase to the Ecumenical Temple.
  3517 | Temple   | Entered the Ecumenical Temple
  3565 | Temple   | Became a worshipper of Ashenzari the Shackled
  3774 | D:5      | Reached skill level 1 in Charms
  4200 | D:5      | Reached skill level 9 in Maces & Flails
  4690 | D:6      | Reached XP level 9. HP: 51/51 MP: 9/9
  4807 | D:6      | Reached * piety under Ashenzari
  5214 | D:7      | Reached skill level 10 in Maces & Flails
  5346 | D:7      | Noticed Joseph
  5365 | D:7      | Killed Joseph
  5736 | D:7      | Learned a level 1 spell: Infusion
  5986 | D:8      | Reached XP level 10. HP: 43/56 MP: 10/10
  6008 | D:8      | Reached skill level 11 in Maces & Flails
  6145 | D:8      | Found Loramise's Assorted Antiques.
  6213 | D:8      | Found a staircase to the Lair.
  6521 | Lair:1   | Entered Level 1 of the Lair of Beasts
  6523 | Lair:1   | Reached ** piety under Ashenzari
  6565 | Lair:1   | Slain by a yak

Skill      XL: |  1  2  3  4  5  6  7  8  9 10 |
---------------+-------------------------------+-----
Maces & Flails | 3 4 5 6 7 9 10 11 | 11.4
Shields        | 4 5 6 8 |  8.6
Charms         | 2 4 |  4.5
Fighting       | |  3.2
Armour         | |  3.2

Action                   |  1- 3 |  4- 6 |  7- 9 | 10-12 || total
-------------------------+-------+-------+-------+-------++-------
Melee: Flail             |   157 |   126 |   348 |    66 ||   697
       Hunting sling     |       |       |     7 |       ||     7
 Fire: Hunting sling     |       |     1 |    36 |    34 ||    71
 Cast: Infusion          |       |       |       |     1 ||     1
       Song of Slaying   |       |       |       |     1 ||     1
Invok: Curse Item        |       |       |     2 |       ||     2
Evoke: Wand              |       |     2 |       |     5 ||     7
  Use: Scroll            |     1 |     1 |     3 |     3 ||     8
       Potion            |       |       |     2 |       ||     2
 Stab: Confused          |       |     1 |       |       ||     1
  Eat: Chunk             |     1 |     4 |    19 |     4 ||    28
Armor: Scale mail        |    92 |    70 |   135 |    14 ||   311
Dodge: Dodged            |    47 |    32 |    94 |    10 ||   183
Block: Shield            |    84 |    58 |   138 |    25 ||   305
